 Dungeon Crawl Stone Soup version 0.30-b1-2-g02819fbbbe (webtiles) character file.

Game seed: 9934365058639341166

61 Alarkh the Slasher (level 3, -2/27 HPs)
             Began as a Demonspawn Warper on May 23, 2023.
             Slain by Sigmund
             ... wielding a +0 scythe
              (8 damage)
             ... on level 2 of the Dungeon.
             The game lasted 00:02:59 (1372 turns).

Alarkh the Slasher (Demonspawn Warper)              Turns: 1372, Time: 00:02:59

Health: -2/27      AC:  3    Str: 10 (11) XL:     3   Next: 83%
Magic:  6/6        EV: 11    Int: 15 (16) God:
Gold:   151        SH:  0    Dex: 11 (12) Spells: 4/6 levels left

rFire   . . .        a - +0 falchion
rCold   . . .        (no shield)
rNeg    . . .        b - +0 leather armour
rPois   .            (no helmet)
rElec   .            (no cloak)
rCorr   .            (no gloves)
SInv    .            (no boots)
Will    .....        o - amulet of regeneration
Stlth   +            (no ring)
HPRegen 1.04/turn    (no ring)
MPRegen 0.10/turn

%: no passive effects
@: no status effects
A: demonic touch 2
a: no special abilities


You were on level 2 of the Dungeon.
You visited 1 branch of the dungeon, and saw 2 of its levels.

You collected 151 gold pieces.

Inventory:

Hand Weapons
 a - a +0 falchion (weapon)
Missiles
 d - 7 boomerangs of dispersal (quivered)
Armour
 b - a +0 leather armour (worn)
 n - a scarf of harm
Jewellery
 o - an amulet of regeneration (around neck)
Scrolls
 c - a scroll of blinking
 h - a scroll of fog {unknown}
 i - a scroll of magic mapping {unknown}
 j - a scroll of enchant armour {unknown}
 k - a scroll of teleportation {unknown}
 m - a scroll of identify
Potions
 l - a potion of heal wounds {unknown}
 p - a potion of haste {unknown}


   Skills:
 - Level 2.0 Fighting
 + Level 3.8 Long Blades
 - Level 0.8 Throwing
 - Level 0.8 Armour
 - Level 1.7 Dodging
 - Level 2.0 Spellcasting
 - Level 2.6 Translocations


You had 4 spell levels left.
You knew the following spells:

 Your Spells              Type           Power      Damage    Failure   Level
a - Blink                 Tloc           18%        N/A       16%         2

Your spell library contained the following spells:

 Spells                   Type           Power      Damage    Failure   Level
 Lesser Beckoning         Tloc           18%        N/A       16%         2
 Teleport Other           Tloc           9%         N/A       30%         3
 Vhi's Electric Charge    Tloc/Air       10%        N/A       45%         3
 Manifold Assault         Tloc           9%         N/A       69%         4


Dungeon Overview and Level Annotations

Branches:
Dungeon (2/15)

Altars:
Qazlal

Annotations:
D:2 1 runed translucent door, Crazy Yiuf, Sigmund


Innate Abilities, Weirdness & Mutations

Your touch may inflict irresistible damage on your foes.


Message History

Sigmund is heavily wounded.
Sigmund laughs darkly.
Sigmund hits you with a +0 scythe.
You are too injured to fight recklessly!
You hit Sigmund. Your touch misses Sigmund.
Sigmund is heavily wounded.
You hit Sigmund.
Sigmund is severely wounded.
Sigmund casts a spell at you. The magic dart hits you.
You hit Sigmund.
Sigmund is severely wounded.
Sigmund barely misses you.
You closely miss Sigmund.
Sigmund is severely wounded.
Sigmund hits you with a +0 scythe!
* * * LOW HITPOINT WARNING * * *
Sigmund barely misses you. Sigmund casts a spell at you.
You are confused.
Sigmund hits you with a +0 scythe.
Okay, then.
You bump into the rock wall.
Sigmund says, "I'm your fate." Sigmund hits you with a +0 scythe.
You bump into the rock wall.
Sigmund hits you with a +0 scythe!
* * * LOW HITPOINT WARNING * * *
You feel better.
You barely miss Sigmund.
Sigmund is severely wounded.
Sigmund points at you and mumbles some strange words.
You resist with significant effort. Sigmund hits you with a +0 scythe!
* * * LOW HITPOINT WARNING * * *
It was a potion of degeneration.
There was something very wrong with that liquid.
You feel weakened.
You feel dopey.
You feel clumsy.
It was a potion of magic.
Magic courses through your body. Sigmund barely misses you.
Sigmund attacks as you move away! Sigmund hits you with a +0 scythe!
You die...

#...##.# #[###.###.#
#####...##.## #.##.#.##.#
[..........# #.#.###....
.....##..# #..## ##...
##.#.##..# #.## ##..
#....#..# ##.## ##.#.
......†#.....# ##.###.###
.......##.##.# ###.#.####
#..##..
#.##@#######....## #. #.
#.. #..@.............###.
#
#..##.##.#######.####.##.
.........#######.# ##.#^
...........<.....# ##..
##.##.############ ##.
......# #. .<..#### ##
###


You could see Sigmund.

Vanquished Creatures
  2 adders (D:2)
  A dart slug (D:2)
  3 bats
  3 endoplasms
  2 giant cockroaches
  3 goblins
  4 hobgoblins
  6 jackals
  2 kobolds (D:2)
  3 quokkas
  2 ball pythons (D:1)
  3 frilled lizards
  2 rats
36 creatures vanquished.

Notes
Turn   | Place    | Note
-------+----------+-------------------------------------------
     0 | D:1      | Alarkh the Demonspawn Warper began the quest for the Orb.
     0 | D:1      | Reached XP level 1. HP: 16/16 MP: 3/3
    83 | D:1      | Reached skill level 2 in Long Blades
   211 | D:1      | Gained mutation: Your touch may inflict minor irresistible
                  | damage on your foes. [demonic ancestry]
   211 | D:1      | Reached XP level 2. HP: 21/22 MP: 5/5
   423 | D:1      | Reached skill level 3 in Long Blades
   720 | D:2      | Gained mutation: Your touch may inflict irresistible damage
                  | on your foes. [demonic ancestry]
   720 | D:2      | Reached XP level 3. HP: 27/27 MP: 6/6
   742 | D:2      | Found a runed translucent door.
   743 | D:2      | Noticed Crazy Yiuf
   833 | D:2      | Learned a level 2 spell: Blink
  1018 | D:2      | Found a stormy altar of Qazlal.
  1169 | D:2      | Noticed Sigmund
  1367 | D:2      | HP: 1/27 [Sigmund/+0 scythe (12)]
  1372 | D:2      | Slain by Sigmund

Illustrated notes

Levels and vault maps discovered:
D:1:      minmay_arrival_four_loops, layout_basic
D:2:      layout_loops_ring, basic_altar, uniq_crazy_yiuf_cottage, uniq_sigmund

Skill      XL: |  1  2 |
---------------+-------+-----
Long Blades    | 2 3 |  3.8
Fighting       | |  2.0
Throwing       | |  0.8
Armour         | |  0.8
Dodging        | |  1.7
Spellcasting   | |  2.0
Translocations | |  2.6

Action                     || total
---------------------------++-------
  Melee: Falchion          ||    85
         Touch             ||    10
    Use: Potion            ||     3
         Scroll            ||     1
 Armour: Leather armour    ||    21
  Dodge: Dodged            ||    48
